 Dungeon Crawl Stone Soup version 0.28.0-53-g5a82cb258f (webtiles) character file.

Game seed: 13382996803953530923

163 bnorton916 the Magician (level 5, -7/28 HPs)
             Began as a Deep Elf Fire Elementalist on June 15, 2022.
             Killed by divine providence
             ... invoked by an orc priest
              (15 damage)
             ... on level 3 of the Dungeon.
             The game lasted 00:03:14 (3596 turns).

bnorton916 the Magician (DEFE)                      Turns: 3596, Time: 00:03:14

Health: -7/28      AC:  4    Str:  5    XL:     5   Next: 20%
Magic:  12/14      EV: 12    Int: 22    God:
Gold:   42         SH:  0    Dex: 15    Spells: 4/13 levels left

rFire   . . .      SeeInvis .   (no weapon)
rCold   . . .      Faith    .   (no shield)
rNeg    . . .      Spirit   .   a - +0 robe
rPois   .          Reflect  .   (no helmet)
rElec   .          Harm     .   h - +0 cloak
rCorr   .          Rampage  .   (no gloves)
Will    .....                   i - +0 pair of boots
Stlth   ++........              (no amulet)
HPRegen 0.09/turn               (no ring)
MPRegen 0.14/turn               (no ring)

@: no status effects
A: no striking features
a: no special abilities


You were on level 3 of the Dungeon.
You visited 1 branch of the dungeon, and saw 3 of its levels.

You collected 42 gold pieces.

Inventory:

Missiles
 b - 76 stones
 e - 4 poisoned darts
Armour
 a - a +0 robe (worn)
 h - a +0 cloak (worn)
 i - a +0 pair of boots (worn)
Scrolls
 c - 3 scrolls of teleportation {unknown}
Potions
 d - a potion of heal wounds {unknown}
 f - a potion of haste {unknown}
 g - a potion of curing {unknown}


   Skills:
 - Level 2.4 Dodging
 - Level 2.4 Stealth
 + Level 4.7 Spellcasting
 + Level 3.1 Conjurations
 + Level 4.5 Fire Magic
 + Level 1.4 Ice Magic


You had 4 spell levels left.
You knew the following spells:

 Your Spells              Type           Power      Damage    Failure   Level
a - Foxfire               Conj/Fire      84%        2x1d8     2%          1
b - Scorch                Fire           50%        2d8       2%          2
c - Conjure Flame         Conj/Fire      21%        6-21      7%          3
d - Frozen Ramparts       Ice            22%        1d4       17%         3

Your spell library contained the following spells:

 Spells                   Type           Power      Damage    Failure   Level
 Freeze                   Ice            44%        1d6       6%          1
 Static Discharge         Conj/Air       12%        N/A       9%          2
 Summon Small Mammal      Summ           20%        N/A       11%         1
 Inner Flame              Hex/Fire       15%        N/A       12%         3
 Flame Wave               Conj/Fire      21%        2d7       22%         4
 Sticky Flame             Conj/Fire      21%        2d4       22%         4
 Call Canine Familiar     Summ           5%         N/A       30%         3
 Summon Guardian Golem    Hex/Summ       5%         N/A       30%         3
 Hailstorm                Conj/Ice       15%        3d5       38%         4
 Dispel Undead            Necr           5%         3d7       71%         4


Dungeon Overview and Level Annotations

Branches:
Dungeon (3/15)

Altars:
Xom


Message History

An orc priest is nearby!
An orc priest is nearby!
Casting: Scorch (safe; 2% risk of failure)
Confirm with . or Enter, or press ? or * to list all spells.
You conjure some foxfire!
An orc comes into view.
It is wielding a +0 war axe of freezing.
Your foxfire dissipates!
An orc comes into view. It is wielding a +0 short sword.
Casting: Foxfire (safe; 2% risk of failure)
Confirm with . or Enter, or press ? or * to list all spells.
You conjure some foxfire!
The orc shouts!
An orc comes into view.
It is wielding a +2 flail of protection.
The foxfire hits the orc priest but does no damage. x2
An orc comes into view. It is wielding a +0 hand axe.
Casting: Foxfire (safe; 2% risk of failure)
Confirm with . or Enter, or press ? or * to list all spells.
You conjure some foxfire!
The orc shouts!
The foxfire hits the orc but does no damage. x2
Found a pair of embroidered boots.
Casting: Foxfire (safe; 2% risk of failure)
Confirm with . or Enter, or press ? or * to list all spells.
You miscast Foxfire.
You are very lightly contaminated with residual magic.
Nothing appears to happen.
The orc priest mumbles some strange prayers to Beogh against you.
Beogh smites you!
Casting: Foxfire (safe; 2% risk of failure)
Confirm with . or Enter, or press ? or * to list all spells.
You conjure some foxfire!
The foxfire hits the orc but does no damage. x2
The orc priest invokes the aid of Beogh against you.
Beogh smites you!
* * * LOW HITPOINT WARNING * * *
Your magical contamination has completely faded away.
The orc priest mumbles some strange prayers to Beogh against you.
Beogh smites you!
Ouch! That really hurt!
You die...

#.##. #...# ## .##.#..### #...#
..# .#.......# #...# ##### #.# #
.......#.# #...# #... ..# #
.......#.####...###.### #.# #
##....#..o...........÷###.#######
.......................##.#.)....
......#..o......).........#.####.
#...o...###..oo@.#).#.##.#.# #.
##o#########....#.#.........# #.
o..#....†.##......##.###..### ##
#..#.####.##.###..##......# #
#..#.##......# #..####.....# #
...#.##.#.##.###..# #.#.#.# #
#.##......##.....## #.#.#.# #
#.......########## #.#....
...###[†# # ###.##


You could see an orc priest and 3 orcs.

Vanquished Creatures
  An orc priest (D:3)
  An orc wizard (D:2)
  A gnoll (D:1)
  4 adders
  6 orcs (D:3)
  7 ball pythons
  7 bats
  4 endoplasms
  A giant cockroach (D:1)
  5 goblins
  3 hobgoblins
  3 jackals (D:1)
  5 kobolds
  3 quokkas
  4 frilled lizards
  3 rats
58 creatures vanquished.

Vanquished Creatures (others)
  253 foxfires
253 creatures vanquished.

Grand Total: 311 creatures vanquished

Notes
Turn   | Place    | Note
-------+----------+-------------------------------------------
     0 | D:1      | bnorton916 the Deep Elf Fire Elementalist began the quest
                  | for the Orb.
     0 | D:1      | Reached XP level 1. HP: 10/10 MP: 6/6
   221 | D:1      | Reached XP level 2. HP: 15/15 MP: 5/8
   763 | D:1      | Reached XP level 3. HP: 19/19 MP: 7/10
  1664 | D:2      | Found a shimmering altar of Xom.
  2181 | D:1      | Learned a level 2 spell: Scorch
  2185 | D:1      | Learned a level 3 spell: Conjure Flame
  2189 | D:1      | Learned a level 3 spell: Frozen Ramparts
  2317 | D:2      | Reached XP level 4. HP: 24/24 MP: 10/12
  2698 | D:2      | Reached skill level 1 in Ice Magic
  3267 | D:3      | Reached XP level 5. HP: 20/28 MP: 5/14
  3596 | D:3      | Killed from afar by an orc priest

Illustrated notes

Levels and vault maps discovered:
D:1:      erik_arrival_blinker_ship, layout_basic, minmay_misc_feat_square,
          minmay_pentomino_v2
D:2:      layout_loops_ring, basic_altar
D:3:      layout_loops_cross, nicolae_overflow_ecumenical_swirl,
          grunt_ministairs_6, uniq_natasha, uniq_sigmund

Skill      XL: |  1  2  3  4 |
---------------+-------------+-----
Conjurations   | 2 3 |  3.1
Spellcasting   | 4 |  4.7
Fire Magic     | 4 |  4.5
Ice Magic      | 1 |  1.4
Dodging        | |  2.4
Stealth        | |  2.4

Action                   |  1- 3 |  4- 6 || total
-------------------------+-------+-------++-------
 Cast: Foxfire           |   109 |    46 ||   155
       Scorch            |       |     4 ||     4
       Conjure Flame     |       |     1 ||     1
Armor: Robe              |     1 |     5 ||     6
Dodge: Dodged            |     9 |    13 ||    22
